 Dungeon Crawl Stone Soup version 0.30-a0-845-g7c6808c8ce (webtiles) character file.

Game seed: 17780577150044558589

1250 jimonade the Magician (level 8, -5/56 HPs)
             Began as a Djinni Warper on Mar 3, 2023.
             Was a Believer of Okawaru.
             Slain by a sky beast (6 damage)
             ... on level 6 of the Dungeon.
             The game lasted 00:11:40 (5549 turns).

jimonade the Magician (Djinni Warper)               Turns: 5549, Time: 00:11:41

Health: -5/56      AC:  7    Str: 12    XL:     8   Next: 80%
Gold:   378        EV: 11    Int: 15    God:    Okawaru [**....] SH:  0 Dex: 13

rFire   + . .      SeeInvis .    a - +1 dagger (elec)
rCold   . . .      Faith    .    (no shield)
rNeg    . . .      Spirit   .    x - +0 ring mail
rPois   ∞          Reflect  .    (no helmet)
rElec   .          Rampage  .    J - +1 cloak
rCorr   .                        (no gloves)
Will    +....                    (boots unavailable)
Stlth   +                        (no amulet)
HPRegen 0.29/turn                g - ring of ice
MPRegen 0.00/turn                q - ring of willpower

@: flying
A: sickness immunity, fire resistance 2, cold vulnerability 1, float, innate
caster, HP casting, extra vitality 1
a: Renounce Religion, Heroism


You were on level 6 of the Dungeon.
You worshipped Okawaru.
Okawaru was pleased with you.
You visited 1 branch of the dungeon, and saw 6 of its levels.

You collected 378 gold pieces.

Inventory:

Hand Weapons
 a - a +1 dagger of electrocution (weapon)
 b - a +2 dagger of flaming
 D - a +3 flail of protection
 E - a +2 whip of flaming
Missiles
 d - 6 boomerangs of dispersal
 k - 15 poisoned darts
 w - 2 boomerangs
Armour
 e - a +0 chain mail
 x - a +0 ring mail (worn)
 y - a +0 leather armour
 A - a scarf of invisibility
 B - a +0 buckler
 J - a +1 cloak (worn)
Magical Staves
 C - a staff of poison
Jewellery
 g - a ring of ice (left hand)
 q - a ring of willpower (right hand)
Wands
 G - a wand of roots (12)
 H - a wand of flame (23)
 N - a wand of light (10)
Scrolls
 c - 2 scrolls of blinking
 m - a scroll of poison
 n - a scroll of immolation {unknown}
 o - a scroll of brand weapon
 v - a scroll of summoning {unknown}
 K - a scroll of silence {unknown}
 L - a scroll of torment {unknown}
 O - a scroll of enchant weapon {unknown}
 P - a scroll of fear {unknown}
Potions
 h - a potion of curing
 i - a potion of lignification {unknown}
 p - 2 potions of mutation
 r - a potion of haste {unknown}
 s - a potion of degeneration {unknown}
 t - 2 potions of magic
 z - 3 potions of invisibility
 M - 2 potions of brilliance


   Skills:
 + Level 3.5 Fighting
 + Level 3.0 Short Blades
 + Level 2.7 Maces & Flails
 + Level 0.7 Throwing
 + Level 3.4 Armour
 + Level 3.5 Dodging
 + Level 1.2 Stealth
 * Level 5.8 Spellcasting


You knew the following spells:

 Your Spells              Type           Power      Damage    Failure   Level
a - Blink                 Tloc           42%        N/A       4%          2
b - Lesser Beckoning      Tloc           42%        N/A       4%          2
c - Vhi's Electric Charg  Tloc/Air       42%        N/A       9%          3
d - Teleport Other        Tloc           21%        N/A       9%          3
e - Manifold Assault      Tloc           21%        N/A       28%         4
f - Slow                  Hex            84%        N/A       3%          1
g - Scorch                Fire           42%        2d7       4%          2
h - Momentum Strike       Conj/Tloc      42%        3d9       4%          2
Your spell library was empty.

Dungeon Overview and Level Annotations

Branches:
Dungeon (6/15)             Temple (0/1) D:4

Altars:
Makhleb
Okawaru
Ru
Zin
The Shining One

Shops:
D:2 !*


Innate Abilities, Weirdness & Mutations

You are immune to sickness and miasma.
You are immune to poison.
Your flesh is very heat resistant. (rF++)
You are vulnerable to cold. (rC-)
You float through the air rather than walking.
You learn spells naturally, not from books.
Your magical power is your life essence.
You have superior vitality. (+4 MHP)


Message History

You hit something but do no damage. Something hits you but does no damage.
You hit something but do no damage. Something hits you but does no damage.
You hit something but do no damage. Something hits you. Something shocks you.
You hit something. You barely miss something. Something hits you.
Something shocks you.
You hit something. Something hits you but does no damage.
You miss something. Something hits you but does no damage.
You barely miss something. Something hits you.
* * * LOW HITPOINT WARNING * * *
Something shocks you.
* * * LOW HITPOINT WARNING * * *
You miss something.
A sky beast appears from thin air!
Reactivating autopickup.
The sky beast hits you.
* * * LOW HITPOINT WARNING * * *
The sky beast shocks you.
* * * LOW HITPOINT WARNING * * *
You barely miss the sky beast.
The sky beast is severely wounded.
You miss the sky beast.
The sky beast is severely wounded.
The sky beast hits you but does no damage.
You closely miss the sky beast.
The sky beast is severely wounded.
The sky beast barely misses you.
You completely miss the sky beast.
The sky beast is severely wounded.
The sky beast hits you but does no damage.
You hit the sky beast.
The sky beast is severely wounded.
The sky beast barely misses you.
You hit the sky beast but do no damage.
The sky beast is severely wounded.
The sky beast flickers out of sight!
Deactivating autopickup; reactivate with Ctrl-A.
Something hits you but does no damage.
You miss something. Something hits you.
* * * LOW HITPOINT WARNING * * *
Something shocks you.
You die...

## ..# # #.#
#. #.# #.##
#.# ... #.#
...#.#.###.###
......{@.....#
##..#(####.#.#
# ..##.#
#.##.# #.##.#
#.##.# #<#..#
#)...# #.#..#


There were no monsters in sight!

Vanquished Creatures
  Edmund (D:4)
  2 ice beasts
  A black bear (D:5)
  A phantom (D:4)
  2 kobold brigands (D:4)
  3 scorpions
  A bullfrog (D:3)
  A hound (D:5)
  Crazy Yiuf (D:4)
  Natasha (twice) (D:4)
  An orc wizard (D:3)
  An iguana (D:5)
  5 gnolls (D:4)
  6 adders
  A shadow imp (D:5)
  2 ufetubi
  4 dart slugs (D:4)
  5 orcs
  8 ball pythons
  8 endoplasms
  6 giant cockroaches
  5 goblins
  9 hobgoblins
  4 jackals
  2 quokkas
  5 bats
  3 frilled lizards
  49 kobolds
  5 rats
144 creatures vanquished.

Notes
Turn   | Place    | Note
-------+----------+-------------------------------------------
     0 | D:1      | jimonade the Djinni Warper began the quest for the Orb.
     0 | D:1      | jimonade set off with the following spells memorised:
                  | Blink, Lesser Beckoning, Vhi's Electric Charge, Teleport
                  | Other, Manifold Assault.
     0 | D:1      | Reached XP level 1. HP: 18/18 MP: 0/0
   165 | D:1      | Reached XP level 2. HP: 23/23 MP: 0/0
   691 | D:1      | Reached XP level 3. HP: 28/28 MP: 0/0
   691 | D:1      | Learned a level 1 spell: Slow
  1069 | D:2      | Found a faded altar of an unknown god.
  1184 | D:2      | Found Sedirch's Distillery.
  1251 | D:2      | Found Vunizxux's Assorted Antiques.
  1277 | D:2      | Reached XP level 4. HP: 33/34 MP: 0/0
  1776 | D:3      | Noticed a bullfrog
  1792 | D:3      | Killed a bullfrog
  1793 | D:3      | Reached skill level 3 in Spellcasting
  1793 | D:3      | Reached XP level 5. HP: 31/39 MP: 0/0
  1793 | D:3      | Learned a level 2 spell: Scorch
  1990 | D:3      | Found a glowing golden altar of the Shining One.
  2024 | D:3      | Found an iron altar of Okawaru.
  2081 | D:3      | Became a worshipper of Warmaster Okawaru
  2342 | D:3      | Reached XP level 6. HP: 41/45 MP: 0/0
  2584 | D:4      | Found a staircase to the Ecumenical Temple.
  2610 | D:4      | Noticed an ice beast
  2631 | D:4      | Reached skill level 1 in Short Blades
  2637 | D:4      | Killed an ice beast
  3015 | D:4      | Reached XP level 7. HP: 44/50 MP: 0/0
  3015 | D:4      | Learned a level 2 spell: Momentum Strike
  3115 | D:4      | Reached * piety under Okawaru
  3300 | D:4      | Reached skill level 4 in Spellcasting
  3338 | D:4      | Noticed Natasha
  3354 | D:4      | Killed Natasha
  3468 | D:4      | Found a runed translucent door.
  3469 | D:4      | Noticed Crazy Yiuf
  3655 | D:4      | Found a burning altar of Makhleb.
  3655 | D:4      | Found a glowing silver altar of Zin.
  3656 | D:4      | Found a sacrificial altar of Ru.
  3684 | D:4      | Noticed Natasha
  3693 | D:4      | Killed Natasha
  3969 | D:4      | Reached skill level 1 in Stealth
  4204 | D:4      | Noticed Edmund
  4246 | D:4      | Killed Edmund
  4247 | D:4      | Reached XP level 8. HP: 38/56 MP: 0/0
  4864 | D:4      | Killed Crazy Yiuf
  4963 | D:5      | Entered Level 5 of the Dungeon
  5072 | D:5      | Reached ** piety under Okawaru
  5073 | D:5      | Reached skill level 5 in Spellcasting
  5549 | D:6      | HP: 1/56 [something (4)]
  5549 | D:6      | Slain by a sky beast

Illustrated notes

Levels and vault maps discovered:
D:1:      minmay_arrival_three_doors, layout_basic, minmay_hedge_maze
D:2:      minmay_alternating_diamond, layout_basic, serial_shops,
          nicolae_shop_window_shopping, shop,
          shapermc_ecumenical_altar_rom_forum, nicolae_figureground_pulse
D:3:      layout_basic, jmf_multi_god_temple
D:4:      minmay_goblin_kobold_castle, layout_basic,
          gammafunk_temple_overflow_claw, temple_green, uniq_crazy_yiuf_cottage,
          uniq_edmund, uniq_natasha
D:5:      layout_basic
D:6:      layout_basic, kennysheep_generic_room_11

Skill      XL: |  1  2  3  4  5  6  7  8 |
---------------+-------------------------+-----
Maces & Flails | 2 |  2.7
Armour         | 2 3 |  3.4
Spellcasting   | 3 4 5 |  5.8
Short Blades   | 1 2 3 |  3.0
Fighting       | 3 |  3.5
Dodging        | 3 |  3.5
Stealth        | 1 |  1.2
Throwing       | |  0.7

Action                     |  1- 3 |  4- 6 |  7- 9 || total
---------------------------+-------+-------+-------++-------
  Melee: Mace              |    74 |       |       ||    74
         Dagger            |    27 |    94 |   186 ||   307
         Punch             |       |     3 |     6 ||     9
  Throw: Boomerang         |       |     1 |       ||     1
   Cast: Scorch            |       |    17 |    54 ||    71
         Momentum Strike   |       |       |     1 ||     1
 Invoke: Heroism           |       |       |     2 ||     2
    Use: Scroll            |       |       |     8 ||     8
 Armour: Chain mail        |    94 |    28 |       ||   122
         Leather armour    |       |    11 |    16 ||    27
         Ring mail         |       |       |    27 ||    27
  Dodge: Dodged            |    28 |    69 |   113 ||   210

Table legend: (Time is in decaauts)
 A = Elapsed time spent in this place.
 B = Non-inter-level travel time spent in this place.
 C = Inter-level travel time spent in this place.
 D = Time resting spent in this place.
 E = Time spent auto-exploring this place.
 F = Levels seen in this place.
 G = Mean time per level.
                   A        B        C        D        E       F      G
               +--------+--------+--------+--------+--------+-----+--------+
         Total |   5540 |   5327 |    213 |    537 |   3460 |   6 |  923.3 |
       Dungeon |   5540 |   5327 |    213 |    537 |   3460 |   6 |  923.3 |
               +--------+--------+--------+--------+--------+-----+--------+

Top non-repeatable levels by time:
     D:4: 2454 daAuts
     D:1: 925 daAuts
     D:2: 828 daAuts
     D:3: 751 daAuts
     D:5: 539 daAuts
     D:6: 41 daAuts
